 Dungeon Crawl Stone Soup version 0.14.0-17-gc0b17a5 (webtiles) character file.

119563 Infinimo the Executioner (level 16, -1/155 HPs)
             Began as a Minotaur Berserker on Apr 19, 2014.
             Was the Champion of Trog.
             Slain by a merfolk impaler
             ... wielding a +3,+4 trident of piercing
              (9 damage)
             ... on Level 2 of the Shoals.
             The game lasted 01:02:10 (31327 turns).

Infinimo the Executioner (Minotaur Berserker)      Turns: 31327, Time: 01:02:10

HP  -1/155       AC 30     Str 25      XL: 16   Next: 21%
MP   6/6         EV  8     Int  8      God: Trog [******]
Gold 2876        SH  0     Dex 10      Spells:  0 memorised, 15 levels left

rFire  + . .     SeeInvis .     E - +1,+5 executioner's axe (venom)
rCold  + . .     Clarity  .     D - +3 chain mail "Qeat" {+Rage rC+}
rNeg   + . .     Conserve .     (no shield)
rPois  .         rCorr    .     s - +2 hat
rElec  .         rRot     .     n - +2 cloak
SustAb . .       Spirit   .     l - +0 pair of gloves
rMut   .         Warding  +     (no boots)
Saprov . . .     Stasis   .     P - amulet of Xom's Whimsicality {Ward rF+ Acc+6}
MR     +....                    j - +6 ring of protection
                                f - ring of regeneration

@: mesmerised, somewhat resistant to hostile enchantments, extremely unstealthy
A: retaliatory headbutt, horns 2
a: Burn Spellbooks, Berserk, Trog's Hand, Brothers in Arms, Renounce Religion,
Evoke Berserk Rage


You were on level 2 of the Shoals.
You worshipped Trog.
Trog was exalted by your worship.
You were not hungry.

You visited 5 branches of the dungeon, and saw 30 of its levels.
You also visited: Ossuary, Ice Cave and Volcano.

You collected 2924 gold pieces.
You spent 48 gold pieces at shops.

Inventory:

Hand weapons
 E - a +1,+5 executioner's axe of venom (weapon)
Armour
 l - a +0 pair of gloves (worn)
 n - a +2 cloak (worn)
 s - a +2 hat (worn)
 D - the +3 chain mail "Qeat" (worn) {+Rage rC+}
   (You found it in an ice cave)

   It protects you from cold.
   It lets you go berserk.
Magical devices
 y - a wand of fire (2)
 G - a wand of lightning (7)
 J - a wand of disintegration (12)
Comestibles
 a - 2 chokos
 c - 6 bread rations
 d - 4 pears
 i - 9 meat rations
 m - 10 strawberries
 r - 4 apples
 x - a banana
 F - 10 honeycombs
 R - 14 grapes
Scrolls
 b - 9 scrolls of remove curse
 g - 9 scrolls of teleportation
 t - a scroll of recharging
 u - 2 scrolls of fear
 w - a scroll of blinking
 z - a scroll of immolation
 H - a scroll of enchant armour
 I - 4 scrolls of fog
Jewellery
 f - a ring of regeneration (left hand)
 h - an uncursed ring of see invisible
 j - a +6 ring of protection (right hand)
 C - a cursed ring of teleport control
 O - an uncursed amulet of resist corrosion
 P - the amulet of Xom's Whimsicality (around neck) {Ward rF+ Acc+6}
   (You found it on level 8 of the Lair of Beasts)

   [amulet of warding]

   It affects your accuracy with ranged weapons and melee attacks (+6).
   It protects you from fire.
Potions
 k - 6 potions of curing
 o - 3 potions of haste
 p - a potion of might
 q - a potion of invisibility
 v - 2 potions of berserk rage {unknown}
 A - 3 potions of restore abilities
 B - a potion of strong poison {unknown}
 K - 2 potions of brilliance {unknown}
 M - a potion of magic {unknown}
Miscellaneous
 L - a legendary deck of defence


   Skills:
 + Level 17.1 Fighting
 * Level 22.7 Axes
 + Level 16.5 Armour
 - Level 2.1 Dodging


You had 15 spell levels left.
You didn't know any spells.

Dungeon Overview and Level Annotations

Branches:
Dungeon (15/15)            Temple (0/1) D:5             Orc (4/4) D:12
   Lair (8/8) D:10         Shoals (2/5) Lair:4        Snake (1/5) Lair:5
  Slime (0/6) Lair:6       Vaults (0/5) D:13         Depths (0/5) D:15
    Elf: Orc:3-4

Altars:
Okawaru
Sif Muna
Trog
Xom
The Shining One

Shops:
D:10 *   D:15 :   Orc:4 (((*


Innate Abilities, Weirdness & Mutations

You reflexively headbutt those who attack you in melee.
You have a pair of horns on your head.


Message History

You headbutt the merfolk impaler!
The merfolk impaler is heavily wounded.
The pull of her song draws you forwards.
You enter the shallow water.
Moving in this stuff is going to be slow.
The pull of her song draws you forwards.
The siren chants her luring song.
The merfolk impaler hits you from afar with a glowing trident.
* * * LOW HITPOINT WARNING * * *
x2 The merfolk hits you with a glaive.
* * * LOW HITPOINT WARNING * * *
The merfolk impaler hits you from afar with a glowing trident!
* * * LOW HITPOINT WARNING * * *
x2 Unknown command.
Your unstable footing causes you to fumble your attack.
The merfolk hits you with a glaive.
* * * LOW HITPOINT WARNING * * *
Your unstable footing causes you to fumble your attack.
The merfolk impaler hits you from afar with a glowing trident!
You die...

≈....≈≈.... #$≈≈≈
≈.≈≈..≈≈≈≈.##.≈≈≈P≈
≈≈≈≈≈≈≈≈≈≈...≈≈≈≈≈≈
≈≈≈≈≈≈≈≈≈≈<.≈≈≈≈≈≈≈
≈≈≈≈≈≈≈..≈≈%..≈≈≈≈≈P≈
≈≈≈≈≈≈....%%%)≈≈≈≈P≈P
≈≈≈≈≈....((m.≈≈≈≈≈P≈.
≈≈≈≈≈.....(m%≈≈≈≈≈P...
≈≈≈≈....##%≈@≈.≈PP..≈
≈≈≈≈?..##≈≈≈mm≈≈≈..≈≈
≈≈≈≈...≈.≈≈≈≈≈≈≈....
≈≈≈≈≈(..≈≈≈≈≈≈≈....
≈≈≈≈....≈≈≈≈≈.##..
≈≈≈≈....≈≈≈.##
≈≈.....≈≈≈ ..##.≈≈≈≈
#≈≈


You could see a siren, a merfolk impaler and 2 merfolk.

Vanquished Creatures
  Gastronok (Lair:3)
  3 rakshasas (D:11)
  Snorg (Orc:1)
  A yaktaur captain (D:15)
  A fire dragon (D:13)
  A merfolk impaler (Shoals:1)
  A siren (Shoals:1)
  Harold (Lair:5)
  2 hydras
  A merfolk aquamancer (Shoals:1)
  Erica (Lair:6)
  An ogre mage (Orc:2)
  An anaconda (Snake:1)
  6 death yaks
  2 centaur warriors (D:15)
  The ghost of timbw the Carver, a powerful VSGl of Kikubaaqudgha (D:12)
  Nergalle (Lair:6)
  3 orc high priests (Orc:4)
  Erolcha (D:12)
  An iron troll (Orc:4)
  8 sea snakes
  A giant orange brain (D:13)
  3 unseen horrors
  3 ice statues (IceCv)
  4 ice devils
  A water nymph (Shoals:1)
  A naga ritualist (Snake:1)
  4 hill giants
  A lindwurm (Lair:7)
  A necromancer (IceCv)
  4 orc knights (Orc:4)
  A phantasmal warrior (D:11)
  4 orc sorcerers (Orc:4)
  5 mana vipers (Snake:1)
  4 griffons
  2 manticores
  17 elephants
  3 fauns (Shoals:1)
  5 black mambas
  2 cyclopes
  Maurice (D:9)
  A naga mage (Snake:1)
  3 gargoyles
  12 spiny frogs
  A mermaid (Shoals:1)
  2 smoke demons (Orc:4)
  Psyche (D:8)
  A kobold demonologist (D:15)
  A molten gargoyle (Volcano)
  A yaktaur (D:15)
  3 fire drakes
  An efreet (D:11)
  A centaur skeleton (D:13)
  8 komodo dragons
  3 trolls
  2 freezing wraiths
  5 polar bears (Lair:8)
  An iron devil (D:15)
  9 merfolk
  A wind drake (Shoals:1)
  Sonja (Shoals:1)
  2 blue devils (IceCv)
  A raven (Shoals:2)
  A two-headed ogre (D:11)
  29 blink frogs
  5 slime creatures (D:12)
  10 grizzly bears
  2 shadows
  5 water elementals
  2 wyverns
  12 sharks
  7 snapping turtles
  21 yaks
  4 basilisks
  2 hill giant zombies
  A toenail golem (Volcano)
  10 hippogriffs
  5 deep elf magi
  An elephant slug (Lair:4)
  2 trapdoor spiders
  A golden eye (shapeshifter) (D:13)
  A human (shapeshifter) (D:11)
  Eustachio (D:8)
  A fire elemental (Volcano)
  A steam dragon (Lair:3)
  2 hungry ghosts
  7 vampire mosquitoes
  34 wolves
  28 ugly things
  11 wargs
  The ghost of therealpatrickswayze the Ruinous, an average DEWz (D:5)
  A tengu skeleton (D:11)
  19 water moccasins
  A necrophage (D:11)
  13 porcupines
  3 nagas
  4 ice beasts
  4 hell hounds (Lair:8)
  12 ogres
  27 orc warriors
  6 black bears (Lair:8)
  3 giant goldfish
  3 sky beasts
  A manticore zombie (D:15)
  4 phantoms
  2 yellow wasps
  18 centaurs
  Sigmund (D:5)
  Duvessa (D:4)
  4 giant slugs
  15 crocodiles
  2 big kobolds
  20 giant frogs
  4 brain worms (D:13)
  A komodo dragon skeleton (D:13)
  2 scorpions (D:8)
  An eye of draining (D:14)
  A water moccasin skeleton (D:7)
  3 cyclops skeletons
  7 killer bees (D:12)
  10 electric eels
  A vampire bat (Lair:6)
  3 yak skeletons
  Dowan (D:4)
  2 goliath beetles
  9 wights
  5 big fish
  A giant frog zombie (D:11)
  2 centaur zombies
  11 crimson imps
  2 jellies
  Crazy Yiuf (D:7)
  23 hounds
  23 orc priests
  28 orc wizards
  A giant frog skeleton (D:6)
  An iron imp (D:8)
  A gnoll shaman (D:4)
  A two-headed ogre skeleton (D:10)
  3 draconian simulacra (IceCv)
  10 worker ants
  A spriggan simulacrum (IceCv)
  11 iguanas
  9 sheep
  7 spectral orcs (Lair:6)
  3 big kobold zombies (Ossuary)
  Ijyb (D:6)
  3 centaur simulacra (IceCv)
  A big kobold skeleton (D:7)
  2 mummies (Ossuary)
  2 ogre simulacra (IceCv)
  A naga simulacrum (IceCv)
  10 gnolls
  2 worker ant zombies (D:6)
  15 adders
  91 green rats
  5 shadow imps
  5 worms
  2 giant mites
  An adder zombie (D:5)
  An iguana skeleton (D:11)
  A giant eyeball (D:14)
  2 orc skeletons
  8 giant geckos
  176 orcs
  A ball python (D:3)
  32 bats
  2 bat zombies
  6 giant cockroaches
  3 gnoll zombies (Ossuary)
  15 goblins
  15 hobgoblins
  34 jackals
  10 quokkas
  6 giant newts
  2 giant spores
  3 goblin zombies
  2 hobgoblin zombies (Ossuary)
  21 kobolds
  6 orc zombies
  A quokka skeleton (D:8)
  23 rats
  10 rat skeletons (Orc:4)
  5 ballistomycetes
  11 fungi
  10 plants
1274 creatures vanquished.

Vanquished Creatures (collateral kills)
  5 hydras
  3 death yaks (Lair:8)
  3 yaks (Lair:8)
  4 wolves
  A porcupine (Lair:5)
  A crocodile (Lair:5)
  A giant frog (D:12)
  A big fish (Lair:8)
  A hound (Lair:4)
  A quokka (Lair:5)
21 creatures vanquished.

Vanquished Creatures (others)
  A cyclops (D:14)
  2 trolls
  An orc warrior (D:12)
  2 centaurs
  2 killer bees (D:12)
  A green rat (Lair:7)
  An adder (D:7)
  An orc (D:12)
  A goblin (D:7)
  A giant spore (D:7)
  A rat skeleton (Orc:4)
  7 fungi
  6 plants
27 creatures vanquished.

Grand Total: 1322 creatures vanquished

Notes
Turn   | Place    | Note
--------------------------------------------------------------
     0 | D:1      | Infinimo, the Minotaur Berserker, began the quest for the Orb.
     0 | D:1      | Reached XP level 1. HP: 19/19 MP: 1/1
   206 | D:1      | Reached skill level 4 in Axes
   206 | D:1      | Reached XP level 2. HP: 26/26 MP: 1/1
   568 | D:1      | Reached XP level 3. HP: 33/33 MP: 2/2
   679 | D:1      | Acquired Trog's second power
  1013 | D:2      | Reached skill level 5 in Axes
  2046 | D:3      | Reached XP level 4. HP: 33/40 MP: 2/2
  2853 | D:3      | Reached XP level 5. HP: 47/47 MP: 2/2
  3095 | D:4      | Found a shimmering altar of Xom.
  3097 | D:4      | Found a glowing golden altar of the Shining One.
  3259 | D:4      | Noticed Dowan
  3265 | D:4      | Reached skill level 6 in Axes
  3266 | D:4      | Noticed Duvessa
  3278 | D:4      | Killed Duvessa
  3278 | D:4      | Reached skill level 5 in Fighting
  3278 | D:4      | Reached XP level 6. HP: 56/56 MP: 3/3
  3283 | D:4      | Killed Dowan
  3283 | D:4      | Acquired Trog's third power
  3283 | D:4      | Reached skill level 7 in Axes
  3627 | D:4      | Noticed a phantom
  3651 | D:4      | Killed a phantom
  3821 | D:4      | Reached XP level 7. HP: 53/61 MP: 3/3
  3862 | D:4      | Got a steaming hand axe
  3863 | D:4      | Identified the +6,+4 hand axe of Modesty {chop, +Inv rF+ rC+} (You found it on level 4 of the Dungeon)
  3905 | D:4      | Found a deep blue altar of Sif Muna.
  4012 | D:5      | Entered Level 5 of the Dungeon
  4023 | D:5      | Noticed therealpatrickswayze's ghost (average DEWz)
  4029 | D:5      | Killed therealpatrickswayze's ghost
  4029 | D:5      | Reached skill level 8 in Axes
  4029 | D:5      | Reached skill level 5 in Armour
  4073 | D:5      | Noticed Sigmund
  4086 | D:5      | Killed Sigmund
  4424 | D:5      | Found a staircase to the Ecumenical Temple.
  4437 | D:5      | Reached skill level 9 in Axes
  4437 | D:5      | Reached XP level 8. HP: 69/71 MP: 3/3
  4880 | D:6      | Reached skill level 10 in Axes
  4967 | D:6      | Noticed Ijyb
  4972 | D:6      | Killed Ijyb
  5194 | D:6      | Reached XP level 9. HP: 52/80 MP: 4/4
  5200 | D:6      | Reached skill level 11 in Axes
  5753 | D:7      | Found an iron altar of Okawaru.
  5959 | D:7      | Reached skill level 12 in Axes
  6166 | D:7      | Noticed Crazy Yiuf
  6172 | D:7      | Killed Crazy Yiuf
  6467 | D:8      | Noticed Psyche
  6528 | D:8      | Killed Psyche
  6538 | D:8      | Found a sand-covered staircase.
  6645 | Ossuary  | Entered an ossuary
  6860 | D:8      | Noticed Eustachio
  6903 | D:8      | Killed Eustachio
  6903 | D:8      | Reached XP level 10. HP: 70/91 MP: 4/4
  7817 | D:9      | Reached skill level 13 in Axes
  7841 | D:9      | Noticed Maurice
  7855 | D:9      | Killed Maurice
  8367 | D:10     | Entered Level 10 of the Dungeon
  8440 | D:10     | Reached skill level 10 in Fighting
  8900 | D:10     | Reached skill level 14 in Axes
  8919 | D:10     | Found Criosism's Elemental Accessories.
  8954 | D:10     | Reached skill level 10 in Armour
  9061 | D:10     | Found a flagged portal.
  9106 | D:10     | Found a staircase to the Lair.
  9263 | D:10     | Reached XP level 11. HP: 96/101 MP: 4/4
  9705 | D:11     | Received a gift from Trog
  9714 | D:11     | Got a crude battleaxe {god gift}
  9715 | D:11     | Identified the +5,+10 battleaxe of Weon {holy, +Rage} (Trog gifted it to you on level 11 of the Dungeon)
  9764 | D:11     | Noticed an unseen horror
  9772 | D:11     | Killed an unseen horror
  9807 | D:11     | Reached skill level 15 in Axes
 10629 | D:11     | Noticed a rakshasa
 10637 | D:11     | Killed a rakshasa
 10641 | D:11     | Killed a rakshasa
 10646 | D:11     | Killed a rakshasa
 10646 | D:11     | Reached skill level 16 in Axes
 10804 | Lair:1   | Entered Level 1 of the Lair of Beasts
 11055 | Lair:1   | Reached XP level 12. HP: 103/112 MP: 5/5
 11062 | Lair:1   | Received a gift from Trog
 11075 | Lair:1   | Found a bloodstained altar of Trog.
 12199 | Lair:2   | Found a frozen archway.
 12299 | IceCv    | Entered an ice cave
 12560 | IceCv    | Reached skill level 17 in Axes
 12767 | IceCv    | Got a polished chain mail
 12914 | Lair:2   | Identified the cursed +3 chain mail "Qeat" {+Rage rC+} (You found it in an ice cave)
 13342 | Lair:3   | Received a gift from Trog
 13497 | Lair:3   | Noticed a four-headed hydra
 13510 | Lair:3   | Killed a five-headed hydra
 13636 | Lair:3   | Received a gift from Trog
 13934 | Lair:3   | Noticed Gastronok
 13948 | Lair:3   | Killed Gastronok
 14176 | Lair:4   | Reached XP level 13. HP: 90/122 MP: 5/5
 14306 | Lair:4   | Reached skill level 18 in Axes
 14647 | Lair:4   | Noticed a four-headed hydra
 14655 | Lair:4   | Killed a five-headed hydra
 14715 | Lair:4   | Received a gift from Trog
 15705 | Lair:4   | Received a gift from Trog
 16020 | Lair:4   | Found a staircase to the Shoals.
 16519 | Lair:5   | Reached skill level 19 in Axes
 16550 | Lair:5   | Noticed Harold
 16565 | Lair:5   | Killed Harold
 16794 | Lair:5   | Found a staircase to the Snake Pit.
 16956 | Lair:5   | Received a gift from Trog
 17235 | Lair:6   | Noticed Erica
 17244 | Lair:6   | Killed Erica
 17449 | Lair:6   | Noticed Nergalle
 17462 | Lair:6   | Killed Nergalle
 17568 | Lair:6   | Reached XP level 14. HP: 124/133 MP: 5/5
 17595 | Lair:6   | Found a staircase to the Slime Pits.
 18948 | Lair:7   | Received a gift from Trog
 19079 | Lair:7   | Reached skill level 20 in Axes
 19316 | Lair:8   | Entered Level 8 of the Lair of Beasts
 19373 | Lair:8   | Reached skill level 15 in Fighting
 19806 | Lair:8   | Received a gift from Trog
 20598 | Lair:8   | Got a smoking bone amulet
 20624 | Lair:8   | Received a gift from Trog
 21026 | Lair:8   | Identified the amulet of Xom's Whimsicality {Ward rF+ Acc+6} (You found it on level 8 of the Lair of Beasts)
 21483 | D:12     | Found a staircase to the Orcish Mines.
 21800 | D:12     | Noticed Erolcha
 21813 | D:12     | Killed Erolcha
 21813 | D:12     | Reached skill level 21 in Axes
 22301 | D:12     | Reached skill level 15 in Armour
 22302 | D:12     | Noticed timbw's ghost (powerful VSGl)
 22309 | D:12     | Killed timbw's ghost
 22426 | D:13     | Received a gift from Trog
 22472 | D:13     | Reached XP level 15. HP: 109/143 MP: 6/6
 22843 | D:13     | Found a gate to the Vaults.
 23358 | D:14     | Paralysed by a giant eyeball for 4 turns
 23361 | D:14     | Received a gift from Trog
 24103 | D:15     | Entered Level 15 of the Dungeon
 24238 | D:15     | Found Plog's Book Boutique.
 24914 | D:15     | Found a staircase to the Depths.
 25067 | D:15     | Lost intelligence.
 25256 | Orc:1    | Entered Level 1 of the Orcish Mines
 25256 | Orc:1    | Noticed Snorg
 25263 | Orc:1    | Killed Snorg
 25601 | Orc:3    | Received a gift from Trog
 25786 | Orc:3    | Found a dark tunnel.
 25939 | Volcano  | Entered a volcano
 27132 | Orc:2    | Received a gift from Trog
 27243 | Orc:4    | Entered Level 4 of the Orcish Mines
 27316 | Orc:4    | Found a bloodstained altar of Trog.
 27645 | Orc:4    | Received a gift from Trog
 27645 | Orc:4    | Reached skill level 22 in Axes
 27974 | Orc:4    | Paralysed by an orc sorcerer for 7 turns
 28322 | Orc:4    | Found Klaba's Weapon Emporium.
 28323 | Orc:4    | Found Giokh's General Store.
 28324 | Orc:4    | Found Luecriv's Antique Weapon Emporium.
 28325 | Orc:4    | Found Shiroopu's Weapon Shop.
 28338 | Orc:4    | Bought a scroll of identify for 24 gold pieces
 28338 | Orc:4    | Bought a scroll of identify for 24 gold pieces
 28737 | Snake:1  | Entered Level 1 of the Snake Pit
 28753 | Snake:1  | Received a gift from Trog
 29186 | Shoals:1 | Entered Level 1 of the Shoals
 29967 | Shoals:1 | Noticed Sonja
 29987 | Shoals:1 | Reached XP level 16. HP: 36/154 MP: 6/6
 30026 | Shoals:1 | Killed Sonja
 31309 | Shoals:2 | Received a gift from Trog
 31327 | Shoals:2 | Slain by a merfolk impaler

Action                   |  1- 3 |  4- 6 |  7- 9 | 10-12 | 13-15 | 16-18 || total
-------------------------+-------+-------+-------+-------+-------+-------++-------
Melee: Hand axe          |    88 |   150 |   330 |   292 |       |       ||   860
       Battleaxe         |       |       |       |   405 |    64 |       ||   469
       Executioner's axe |       |       |       |       |  1419 |   125 ||  1544
Invok: Berserk           |     1 |     1 |     3 |     1 |     5 |       ||    11
       Trog's Hand       |       |       |     1 |       |     1 |     1 ||     3
       Brothers in Arms  |       |       |       |     2 |     7 |       ||     9
Evoke: Wand              |       |       |     1 |     7 |     2 |       ||    10
  Use: Scroll            |     2 |     3 |     9 |    15 |    11 |     1 ||    41
       Potion            |       |       |     1 |     3 |    10 |     4 ||    18
 Stab: Distracted        |       |       |       |     1 |       |       ||     1
       Fleeing           |       |       |       |       |     1 |       ||     1
       Invisible         |       |       |       |       |     1 |       ||     1
